 Dungeon Crawl Stone Soup version 0.27.0-1-g7a089689b8 (webtiles) character file.

Game seed: 2470870003758530739

71 Alakanar the Bolt Thrower (level 4, -8/27 HPs)
             Began as a Kobold Hunter on Aug 7, 2021.
             Was a Follower of Makhleb.
             Mangled by Sigmund (10 damage)
             ... on level 2 of the Dungeon.
             The game lasted 00:12:47 (2429 turns).

Alakanar the Bolt Thrower (Kobold Hunter)           Turns: 2429, Time: 00:12:48

Health: -8/27      AC:  3    Str:  9    XL:     4   Next: 47%
Magic:  4/4        EV: 14    Int: 12    God:    Makhleb [*.....]
Gold:   13         SH:  0    Dex: 16    Spells: 3/3 levels left

rFire    . . .     SeeInvis .   g - +0 dagger
rCold    . . .     Faith    .   (shield restricted)
rNeg     . . .     Spirit   .   c - +0 leather armour
rPois    .         Reflect  .   (no helmet)
rElec    .         Harm     .   (no cloak)
rCorr    .         Rampage  .   (no gloves)
Will     .....                  (no boots)
Stlth    +++.......             i - amulet of the acrobat
HPRegen  0.09/turn              (no ring)
MPRegen  0.09/turn              (no ring)

@: no status effects
A: small, no large weapons, nightstalker 3
a: Renounce Religion


You were on level 2 of the Dungeon.
You worshipped Makhleb.
Makhleb was aware of your devotion.
You visited 1 branch of the dungeon, and saw 2 of its levels.

You collected 50 gold pieces.
You spent 37 gold pieces at shops.

Inventory:

Hand Weapons
 a - a +1 hand crossbow
 b - a +0 short sword
 g - a +0 dagger (weapon)
 m - a +0 hunting sling
Missiles
 d - 7 bolts
 j - 30 stones (quivered)
Armour
 c - a +0 leather armour (worn)
Jewellery
 e - an amulet of regeneration
 i - an amulet of the acrobat (around neck)
Scrolls
 k - a scroll of teleportation {unknown}
 l - a scroll of summoning {unknown}
Potions
 f - a potion of degeneration {unknown}
 h - a potion of lignification {unknown}


   Skills:
 + Level 2.7 Fighting
 + Level 0.2 Slings
 * Level 6.2 Crossbows
 + Level 0.3 Armour
 + Level 2.7 Dodging
 + Level 1.3 Stealth


You had 3 spell levels left.
You didn't know any spells.
Your spell library contained the following spells:

 Spells                   Type           Power      Damage    Failure   Level
 Apportation              Tloc           0%         N/A       41%         1
 Magic Dart               Conj           0%         1d3       41%         1
 Searing Ray              Conj           0%         3d3       56%         2
 Fulminant Prism          Conj/Hex       0%         3d6       99%         4
 Alistair's Intoxication  Tmut/Pois      0%         N/A       100%        5
 Invisibility             Hex            0%         N/A       100%        6


Dungeon Overview and Level Annotations

Branches:
Dungeon (2/15)

Altars:
Makhleb

Shops:
D:2 (

Annotations:
D:2 Sigmund


Innate Abilities, Weirdness & Mutations

You are small and have problems with some larger weapons.
You are completely attuned to the shadows.


Message History

Sigmund completely misses you.
You barely miss Sigmund. Sigmund closely misses you.
You hit Sigmund but do no damage.
Sigmund points at you and mumbles some strange words.
You are confused.
You are too confused!
You are too confused!
You are too confused!
You bump into the rock wall.
Sigmund gestures at you while chanting. The magic dart hits you.
Sigmund asks, "Do you like me?" Sigmund completely misses you.
You bump into the rock wall.
Sigmund barely misses you. Sigmund completely misses you.
Sigmund completely misses you.
You feel less confused. Sigmund casts a spell at you.
The puff of flame misses you. Sigmund misses you.
Sigmund completely misses you.
You completely miss Sigmund. Sigmund casts a spell at you.
The magic dart hits you.
You hit Sigmund.
Sigmund is lightly wounded.
Sigmund hits you but does no damage.
You hit Sigmund.
Sigmund is lightly wounded.
Sigmund hits you with a +0 scythe.
You hit Sigmund but do no damage.
Sigmund is lightly wounded.
Sigmund mumbles some strange words.
Sigmund flickers and vanishes!
Deactivating autopickup; reactivate with Ctrl-A.
You closely miss something. Something hits you!
Ouch! That really hurt!
* * * LOW HITPOINT WARNING * * *
You hit something but do no damage. Something hits you!
You die...

...........###.#
...##..##......###
..........#......#
......##..#.####.#
.................#######
..#.....................
........................
.#......................
##..............@{......
##................#.....
.#................#.....
..................######
#................##
###.......#.....##
#.#####.###### #..# #.#
##.####.#


There were no monsters in sight!

Vanquished Creatures
  An adder (D:2)
  3 worms (D:2)
  4 endoplasms
  3 giant cockroaches (D:1)
  6 hobgoblins
  7 jackals
  5 kobolds
  2 quokkas
  5 ball pythons
  3 bats
  3 frilled lizards
  3 goblins
  3 rats (D:1)
48 creatures vanquished.

Vanquished Creatures (others)
  6 demonic plants (D:2)
  3 fungi (D:2)
  A plant (D:2)
  4 withered plants (D:2)
14 creatures vanquished.

Grand Total: 62 creatures vanquished

Notes
Turn   | Place    | Note
-------+----------+-------------------------------------------
     0 | D:1      | Alakanar the Kobold Hunter began the quest for the Orb.
     0 | D:1      | Reached XP level 1. HP: 12/12 MP: 1/1
     7 | D:1      | Noticed a wolf
     7 | D:1      | Noticed a black bear
    12 | D:1      | Noticed a killer bee
   122 | D:1      | Reached skill level 5 in Crossbows
   203 | D:1      | Reached XP level 2. HP: 18/18 MP: 2/2
   495 | D:1      | Reached XP level 3. HP: 22/22 MP: 3/3
   902 | D:2      | Reached skill level 6 in Crossbows
  1146 | D:2      | Reached XP level 4. HP: 21/27 MP: 4/4
  1323 | D:2      | Found a faded altar of an unknown god.
  1351 | D:2      | Became a worshipper of Makhleb the Destroyer
  1351 | D:2      | Reached * piety under Makhleb
  1620 | D:2      | Found Azxel's Antique Weapon Emporium.
  1628 | D:2      | Bought a hunting sling for 37 gold pieces
  2021 | D:2      | HP: 1/27 [jackal (2)]
  2036 | D:2      | HP: 1/27 [jackal (1)]
  2404 | D:2      | Noticed Sigmund
  2429 | D:2      | Mangled by Sigmund

Illustrated notes

Levels and vault maps discovered:
D:1:      onia_arrival_zoo_common, layout_basic
D:2:      layout_rooms, serial_shops, nicolae_lakefront_shop,
          shapermc_ecumenical_altar_gd, minmay_misc_feat_tiny, uniq_sigmund

Skill      XL: |  1  2  3 |
---------------+----------+-----
Crossbows      | 5 6 |  6.2
Fighting       | |  2.7
Slings         | |  0.2
Armour         | |  0.3
Dodging        | |  2.7
Stealth        | |  1.3

Action                   |  1- 3 |  4- 6 || total
-------------------------+-------+-------++-------
Melee: Dagger            |    31 |    69 ||   100
 Fire: Hand crossbow     |    77 |    45 ||   122
       Hunting sling     |       |    42 ||    42
Throw: Stone             |     1 |       ||     1
Armor: Leather armour    |     9 |    28 ||    37
Dodge: Dodged            |    53 |   152 ||   205
